Map: Lightshade LE

Players

Submission

  • Race: Protoss Protoss
  • League: Grandmaster
  • Spawn Location: 11:00

Neuro - Winner!

  • Race: Zerg Zerg
  • League: Master
  • Spawn Location: 5:00

VOD

Have the link to the VOD?

Description

Time

  • Played on: Oct. 13, 2020, 9:11 p.m.
  • Length: 36:14
Show
View Real Time Build Order
Export as new Build Order

Submission Protoss 

Build Orders: Nexus First, Carriers 

Get SALT Encoding   

  12  0:00  Probe  
  13  0:12  Probe  
  14  0:22  Pylon  
  14  0:24  Probe  
  15  0:40  Probe (Chrono Boost)  
  16  0:48  Probe (Chrono Boost)  
  17  0:54  Probe  
  18  1:02  Nexus  
  18  1:12  Forge  
  18  1:15  Probe (Chrono Boost)  
  19  1:25  Probe (Chrono Boost)  
  20  1:30  Probe (Chrono Boost)  
  21  1:35  Pylon  
  21  1:41  Probe  
  22  1:48  Gateway  
  22  1:50  Assimilator  
  22  1:53  Probe  
  23  1:54  Assimilator  
  23  2:06  Probe (Chrono Boost)  
  23  2:07  Photon Cannon  
  26  2:17  Probe x2 (Chrono Boost)  
  26  2:24  Probe (Chrono Boost)  
  26  2:25  Probe (Chrono Boost)  
  26  2:29  Probe (Chrono Boost)  
  28  2:32  Probe  
  28  2:36  Cybernetics Core  
  30  2:40  Probe  
  31  2:44  Probe  
  31  2:45  Assimilator  
  31  2:50  Zealot  
  34  2:53  Probe  
  34  2:56  Probe  
  36  3:05  Probe  
  37  3:08  Probe  
  38  3:13  Stargate  
  38  3:17  Probe  
  38  3:19  Stargate  
  39  3:20  Probe  
  40  3:27  Pylon  
  40  3:29  Probe  
  40  3:32  Probe  
  42  3:39  Pylon  
  42  3:41  Probe  
  43  3:45  Probe  
  44  3:51  Void Ray (Chrono Boost)  
  44  3:53  Probe  
  45  3:57  Probe  
  45  3:58  Pylon  
  50  4:03  Void Ray (Chrono Boost)  
  50  4:05  Probe  
  50  4:09  Probe  
  56  4:16  Void Ray (Chrono Boost)  
  60  4:26  Nexus  
  60  4:27  Pylon  
  60  4:29  Void Ray (Chrono Boost)  
  64  4:36  Probe x2  
  65  4:48  Probe x2  
  67  4:53  Assimilator  
  67  4:56  Pylon  
  67  5:00  Probe, Pylon  
  67  5:01  Probe  
  67  5:04  Pylon  
  69  5:09  Void Ray (Chrono Boost)  
  69  5:12  Protoss Air Weapons Level 1, Pylon  
  69  5:13  Probe  
  70  5:15  Protoss Shields Level 1  
  70  5:19  Void Ray (Chrono Boost)  
  70  5:20  Photon Cannon  
  74  5:23  Photon Cannon  
  74  5:25  Shield Battery  
  74  5:28  Shield Battery  
  78  5:32  Probe (Chrono Boost)  
  78  5:34  Probe (Chrono Boost)  
  80  5:38  Probe (Chrono Boost)  
  82  5:47  Fleet Beacon  
  82  5:48  Probe x2 (Chrono Boost)  
  82  5:49  Probe (Chrono Boost)  
  84  5:52  Assimilator  
  84  5:54  Probe  
  84  5:56  Probe x2  
  86  5:59  Assimilator  
  86  6:03  Photon Cannon, Zealot  
  89  6:07  Probe  
  90  6:25  Probe x3, Void Ray  
  91  6:37  Probe x2, Phoenix  
  99  6:40  Probe  
  100  6:49  Probe x2  
  100  6:52  Probe  
  100  6:53  Anion Pulse-Crystals (Chrono Boost)  
  99  6:56  Stargate  
  99  6:58  Stargate  
  99  7:01  Probe x2  
  99  7:04  Probe  
  102  7:13  Probe  
  103  7:18  Photon Cannon  
  103  7:20  Photon Cannon  
  103  7:21  Photon Cannon  
  103  7:22  Shield Battery  
  102  7:25  Photon Cannon  
  102  7:27  Protoss Air Weapons Level 2, Shield Battery  
  102  7:28  Photon Cannon, Probe x2  
  104  7:31  Photon Cannon  
  104  7:33  Photon Cannon  
  103  7:40  Probe  
  103  7:42  Phoenix x3 (Chrono Boost)  
  103  7:43  Nexus  
  103  7:44  Pylon  
  110  7:46  Assimilator, Probe  
  110  7:47  Unknown, Assimilator, Pylon  
  110  7:51  Probe, Pylon  
  112  7:55  Probe  
  113  7:59  Probe  
  113  8:01  Photon Cannon  
  113  8:02  Photon Cannon  
  113  8:03  Probe  
  113  8:04  Shield Battery  
  115  8:08  Photon Cannon  
  115  8:10  Photon Cannon  
  115  8:12  Probe  
  116  8:13  Photon Cannon  
  116  8:18  Carrier (Chrono Boost)  
  116  8:21  Probe x2  
  124  8:34  Cybernetics Core  
  124  8:35  Probe  
  125  8:41  Shield Battery  
  125  8:42  Probe x2  
  125  8:43  Carrier (Chrono Boost)  
  125  8:44  Shield Battery  
  125  8:46  Photon Cannon  
  125  8:47  Probe  
  140  8:56  Probe  
  140  8:57  Carrier (Chrono Boost), Probe x2  
  143  9:10  Carrier (Chrono Boost)  
  143  9:17  Pylon  
  149  9:18  Pylon  
  149  9:23  Nexus  
  149  9:25  Pylon  
  149  9:33  Robotics Facility  
  155  9:42  Carrier (Chrono Boost)  
  161  9:48  Carrier (Chrono Boost)  
  161  9:51  Protoss Air Armor Level 1 (Chrono Boost)  
  161  9:52  Void Ray (Chrono Boost)  
  155  9:59  Void Ray (Chrono Boost)  
  149  10:15  Photon Cannon  
  149  10:16  Photon Cannon  
  149  10:19  Photon Cannon  
  149  10:22  Photon Cannon  
  149  10:24  Assimilator, Stargate  
  149  10:25  Stargate, Void Ray (Chrono Boost)  
  149  10:27  Void Ray (Chrono Boost)  
  149  10:28  Assimilator  
  157  10:36  Twilight Council  
  157  10:37  Void Ray (Chrono Boost)  
  157  10:38  Void Ray (Chrono Boost)  
  161  10:43  Observer  
  161  10:44  Pylon  
  161  10:47  Probe x3  
  161  10:48  Probe x2  
  171  10:59  Shield Battery, Void Ray (Chrono Boost)  
  171  11:03  Carrier (Chrono Boost), Void Ray (Chrono Boost)  
  175  11:04  Shield Battery, Observer  
  175  11:07  Pylon  
  175  11:10  Pylon  
  186  11:14  Cybernetics Core  
  192  11:20  Carrier (Chrono Boost)  
  192  11:22  Void Ray x2 (Chrono Boost)  
  176  11:33  Void Ray (Chrono Boost)  
  176  11:35  Protoss Shields Level 2  
  180  11:45  Pylon  
  180  11:54  Protoss Air Weapons Level 3 (Chrono Boost), Pylon  
  180  11:56  Pylon  
  180  12:00  Carrier (Chrono Boost)  
  180  12:02  Protoss Air Armor Level 2 (Chrono Boost)  
  192  12:09  Carrier (Chrono Boost)  
  192  12:10  Carrier (Chrono Boost)  
  198  12:27  Photon Cannon  
  198  12:28  Photon Cannon x2  
  198  12:49  Gateway  
  198  12:51  Gateway  
  196  12:52  Gateway x2  
  196  12:53  Gateway  
  196  12:55  Pylon  
  196  12:56  Gateway  
  183  13:07  Carrier (Chrono Boost)  
  183  13:08  Carrier x2 (Chrono Boost)  
  197  13:16  Charge  
  197  13:18  Carrier x3 (Chrono Boost)  
  193  13:22  Nexus  
  193  13:25  Pylon  
  193  13:35  Pylon  
  193  13:36  Templar Archives, Pylon  
  193  13:38  Pylon  
  193  13:40  Assimilator  
  181  13:41  Assimilator  
  181  13:46  Pylon  
  181  13:53  Shield Battery  
  181  13:54  Shield Battery  
  181  13:56  Shield Battery, Photon Cannon  
  181  14:01  Photon Cannon  
  181  14:04  Warp Gate (Chrono Boost)  
  181  14:07  Protoss Shields Level 3  
  193  14:12  Carrier (Chrono Boost)  
  193  14:13  Carrier (Chrono Boost)  
  193  14:14  Dark Shrine  
  193  14:21  Protoss Air Armor Level 3 (Chrono Boost)  
  193  14:29  Photon Cannon  
  193  14:33  Photon Cannon x2  
  193  14:35  Photon Cannon  
  193  14:36  Photon Cannon  
  193  14:37  Shield Battery  
  193  14:38  Shield Battery  
  193  14:39  Nexus  
  193  14:51  Void Ray x2 (Chrono Boost)  
  195  15:05  Void Ray (Chrono Boost)  
  195  15:18  Photon Cannon, Void Ray x3 (Chrono Boost)  
  195  15:19  Photon Cannon  
  195  15:22  Shield Battery  
  195  15:24  Shield Battery x2  
  195  15:26  Shield Battery  
  163  15:45  Dark Templar x7  
  163  15:47  Void Ray  
  163  15:48  Void Ray x2  
  151  15:51  Void Ray x2  
  151  15:52  Void Ray  
  143  16:23  Zealot  
  143  16:24  Zealot x6  
  149  16:32  Void Ray x2 (Chrono Boost)  
  149  16:33  Void Ray (Chrono Boost)  
  173  16:43  Void Ray x2 (Chrono Boost)  
  173  16:44  Void Ray (Chrono Boost)  
  167  17:06  Void Ray (Chrono Boost)  
  167  17:07  High Templar x2  
  179  17:08  Zealot  
  179  17:09  Void Ray (Chrono Boost), Zealot x4  
  179  17:14  Void Ray x3 (Chrono Boost)  
  189  17:21  Archon  
  187  17:26  Observer  
  188  17:31  Archon x2  
  187  17:41  Dark Templar  
  188  17:48  Observer  
  188  17:58  Zealot  
  190  17:59  Zealot x5  
  188  18:06  Observer  
  188  18:09  Void Ray (Chrono Boost)  
  188  18:10  Void Ray (Chrono Boost)  
  188  18:11  Void Ray x4 (Chrono Boost)  
  147  18:16  Zealot  
  145  18:28  Dark Templar  
  145  18:29  Dark Templar  
  145  18:31  Dark Templar  
  151  18:36  Void Ray (Chrono Boost)  
  151  18:46  Void Ray x2 (Chrono Boost), Zealot x4  
  179  18:50  Void Ray x2 (Chrono Boost)  
  179  19:02  Dark Templar x2  
  179  19:03  Void Ray (Chrono Boost)  
  179  19:08  Void Ray (Chrono Boost)  
  185  19:13  Void Ray (Chrono Boost)  
  185  19:15  Gateway  
  189  19:18  Gateway  
  189  19:20  Gateway x3  
  189  19:22  Void Ray (Chrono Boost)  
  193  19:30  Void Ray  
  193  19:31  Void Ray  
  197  19:50  Pylon  
  197  19:54  Pylon  
  197  19:58  Nexus  
  197  20:01  Assimilator, Pylon  
  197  20:04  Assimilator  
  197  20:06  Pylon  
  197  20:13  Photon Cannon  
  197  20:17  Photon Cannon  
  197  20:19  Photon Cannon, Dark Templar  
  199  20:21  Shield Battery  
  199  20:22  Photon Cannon  
  199  20:24  Shield Battery  
  199  20:25  Photon Cannon  
  199  20:28  Shield Battery  
  195  20:50  Protoss Ground Weapons Level 1 (Chrono Boost)  
  187  20:58  High Templar x4  
  187  20:59  High Templar x3  
  187  21:03  Archon x3  
  191  21:07  High Templar, Zealot  
  191  21:08  Zealot x3  
  197  21:12  Archon  
  197  21:26  Void Ray (Chrono Boost)  
  197  21:27  Void Ray x5 (Chrono Boost)  
  154  21:40  Zealot x6  
  154  21:41  Zealot x6  
  170  21:59  Void Ray x3 (Chrono Boost)  
  170  22:04  Zealot x9  
  195  22:24  Void Ray  
  195  22:25  Void Ray  
  191  22:49  Dark Templar x3  
  191  22:50  Dark Templar x3  
  199  22:58  Void Ray x2  
  188  23:18  Void Ray  
  188  23:19  Void Ray  
  184  23:29  Zealot  
  184  23:30  Zealot x7  
  108  24:04  Zealot x8  
  108  24:05  Zealot x4  
  130  24:16  Probe x5  
  129  24:30  Zealot x10  
  129  24:31  Zealot x2  
  150  24:59  Stalker  
  112  25:00  Stalker x5  
  112  25:04  Zealot x3  
  124  25:12  Zealot  
  124  25:13  Zealot x2  
  123  25:29  Blink (Chrono Boost)  
  111  25:45  Dark Templar  
  111  25:46  Dark Templar  
  111  25:47  Stalker  
  111  25:48  Zealot, Stalker x4  
  111  25:49  Zealot x4  
  131  26:06  Nexus  
  131  26:09  Pylon  
  131  26:11  Psionic Storm  
  131  26:19  Assimilator  
  131  26:22  Assimilator  
  131  26:24  High Templar x2  
  131  26:25  High Templar x2  
  139  26:34  Zealot x2  
  143  26:46  High Templar  
  145  26:54  Observer  
  146  26:59  Photon Cannon  
  146  27:04  Stalker  
  146  27:05  Zealot  
  126  27:41  Stalker x4  
  134  27:58  Observer  
  135  28:05  Zealot x6  
  145  28:19  Stalker  
  147  28:20  Stalker  
  149  28:42  Nexus  
  149  28:46  Dark Templar  
  151  29:08  Dark Templar x2  
  153  29:14  Zealot x2  
  157  29:40  Nexus  
  153  30:01  Carrier  
  159  30:17  Nexus  
  159  30:25  Stalker  
  161  30:49  Zealot x4  
  165  31:29  Stalker  
  165  31:30  Stalker x3  
  167  31:42  Zealot  
  167  31:43  Zealot x6  
  151  32:31  Stalker  
  151  32:32  Stalker x6  
  165  32:54  Zealot  
  165  32:55  Zealot x9  
  185  33:12  Stalker  
  185  33:13  Stalker  
  189  33:26  Stalker x2  
  177  34:32  Zealot  
  177  34:33  Zealot x5  
  139  34:56  High Templar  
  127  35:39  Dark Templar  
Show
View Real Time Build Order
Export as new Build Order

Neuro Zerg - Winner!

Build Orders: Hatch First 

Get SALT Encoding   

  12  0:01  Drone  
  13  0:12  Overlord  
  13  0:17  Drone  
  14  0:31  Drone x2  
  16  0:37  Drone  
  17  0:52  Hatchery  
  17  0:54  Drone  
  17  0:58  Drone  
  18  1:08  Extractor  
  17  1:13  Spawning Pool  
  17  1:16  Drone  
  17  1:19  Drone  
  18  1:28  Drone  
  19  1:39  Drone  
  20  1:49  Overlord  
  20  2:02  Zergling x2  
  20  2:03  Queen  
  20  2:04  Queen  
  20  2:05  Zergling x2  
  26  2:11  Drone  
  27  2:17  Drone  
  28  2:23  Drone  
  29  2:30  Hatchery  
  29  2:33  Drone x2  
  29  2:36  Metabolic Boost  
  30  2:47  Drone x3  
  33  2:53  Queen  
  35  3:04  Overlord  
  35  3:06  Drone  
  35  3:07  Overlord  
  36  3:22  Drone x3  
  36  3:23  Drone x2  
  36  3:24  Queen  
  43  3:28  Drone  
  43  3:29  Queen  
  46  3:35  Drone  
  46  3:41  Overlord  
  47  3:43  Drone x2  
  49  3:48  Overlord  
  49  3:52  Queen  
  49  3:53  Drone x2  
  53  3:59  Spore Crawler  
  52  4:03  Drone x4  
  56  4:10  Overlord  
  56  4:12  Drone x2  
  56  4:13  Pneumatized Carapace  
  58  4:18  Drone x2  
  58  4:23  Queen, Drone  
  63  4:27  Drone x2  
  63  4:30  Drone x3  
  68  4:33  Drone x4  
  68  4:36  Overlord  
  72  4:44  Extractor  
  72  4:45  Extractor  
  69  4:46  Lair  
  69  4:52  Drone x4  
  73  4:58  Spore Crawler  
  72  5:06  Drone x6  
  78  5:17  Spore Crawler  
  78  5:18  Extractor  
  78  5:19  Overlord x5  
  76  5:22  Extractor  
  76  5:26  Extractor  
  74  5:36  Queen  
  74  5:37  Overlord x3  
  74  5:38  Overlord  
  74  5:39  Drone  
  74  5:40  Spore Crawler  
  76  5:47  Spire  
  75  5:51  Hatchery  
  74  5:59  Drone x2  
  74  6:01  Drone x4  
  80  6:06  Drone x6, Spore Crawler  
  80  6:07  Spore Crawler  
  84  6:13  Zergling x8  
  88  6:23  Zergling x4  
  88  6:27  Queen x2  
  88  6:31  Zergling x10  
  95  6:38  Spire  
  94  6:40  Overlord x2  
  94  6:46  Overlord x5  
  94  7:00  Hydralisk Den  
  97  7:01  Drone x4  
  97  7:02  Zerg Flyer Armor Level 1  
  94  7:09  Overlord x2  
  94  7:10  Drone x8  
  102  7:15  Drone x2  
  102  7:16  Drone  
  105  7:27  Overlord  
  99  7:41  Extractor x2, Overlord x2  
  97  7:47  Infestation Pit  
  96  7:56  Zerg Flyer Weapons Level 1  
  96  7:58  Corruptor x8  
  96  7:59  Corruptor x7  
  126  8:10  Overlord  
  126  8:18  Corruptor x3  
  132  8:22  Drone x5  
  132  8:23  Drone x4  
  141  8:29  Hive  
  141  8:30  Hatchery  
  141  8:31  Overseer  
  141  8:32  Spore Crawler  
  139  8:36  Corruptor x2  
  139  8:40  Drone  
  141  8:46  Spore Crawler  
  141  8:47  Corruptor x3  
  146  8:55  Corruptor  
  148  9:13  Corruptor x4  
  156  9:25  Drone x5  
  156  9:27  Corruptor x3  
  167  9:35  Extractor  
  166  9:39  Corruptor x3  
  166  9:42  Extractor  
  171  9:50  Corruptor x2  
  167  10:02  Corruptor x3  
  167  10:06  Queen x2  
  173  10:16  Zerg Flyer Armor Level 2  
  173  10:31  Zerg Flyer Weapons Level 2  
  173  10:33  Overlord x5  
  173  10:34  Overlord x2  
  173  10:40  Overlord  
  173  10:41  Overlord  
  173  10:42  Hatchery  
  172  10:49  Viper  
  172  10:50  Viper x2  
  181  10:58  Corruptor x4  
  189  11:13  Corruptor x4  
  191  11:24  Corruptor x3  
  175  11:30  Corruptor  
  175  11:31  Corruptor  
  165  11:58  Corruptor  
  165  11:59  Corruptor x6  
  179  12:12  Corruptor x4  
  187  12:19  Corruptor  
  187  12:20  Corruptor  
  191  12:27  Overseer x2  
  191  12:39  Corruptor x2  
  191  12:40  Corruptor x2  
  194  13:04  Corruptor  
  194  13:05  Corruptor x6  
  192  13:11  Corruptor x2  
  180  13:16  Corruptor  
  180  13:19  Corruptor  
  170  13:23  Drone x3  
  175  13:30  Zerg Flyer Armor Level 3  
  175  13:38  Extractor  
  175  13:41  Extractor  
  169  13:46  Corruptor x4  
  169  13:47  Corruptor  
  177  13:52  Corruptor  
  179  14:08  Zerg Flyer Weapons Level 3  
  177  14:13  Corruptor  
  177  14:14  Corruptor x2  
  183  14:26  Corruptor x4  
  191  14:34  Corruptor  
  191  14:35  Corruptor x2  
  197  14:42  Corruptor  
  195  15:23  Ultralisk Cavern  
  195  15:25  Evolution Chamber  
  193  15:34  Corruptor  
  193  15:35  Corruptor x11  
  199  15:46  Corruptor x6, Spore Crawler  
  199  15:47  Spore Crawler  
  181  15:58  Corruptor x4  
  187  16:05  Zerg Ground Armor Level 1  
  187  16:10  Greater Spire  
  180  16:21  Ultralisk  
  180  16:22  Ultralisk  
  180  16:24  Zergling x28  
  180  16:25  Zergling x20  
  199  16:26  Overseer x2  
  177  16:35  Ultralisk  
  178  16:45  Zergling x18  
  178  16:46  Spine Crawler, Zergling x24  
  193  16:52  Zergling x12  
  193  16:53  Zergling x18  
  198  17:01  Spine Crawler  
  198  17:03  Hatchery  
  198  17:04  Spine Crawler, Overseer  
  192  17:18  Spine Crawler  
  192  17:19  Spine Crawler  
  192  17:21  Adrenal Glands  
  190  17:23  Drone  
  190  17:24  Drone x9  
  200  17:30  Overseer  
  165  18:09  Zergling x32  
  146  18:15  Zergling x2  
  133  18:26  Drone x5  
  138  18:27  Drone x7  
  145  18:36  Brood Lord  
  145  18:37  Brood Lord x2  
  151  18:41  Brood Lord  
  151  18:43  Brood Lord  
  155  18:56  Brood Lord  
  155  18:57  Brood Lord x2  
  161  19:03  Spine Crawler  
  161  19:07  Spine Crawler  
  161  19:08  Drone x3  
  162  19:11  Brood Lord  
  164  19:29  Zerg Ground Armor Level 2  
  164  19:33  Spine Crawler, Drone x3  
  164  19:36  Spine Crawler  
  159  19:40  Spine Crawler  
  159  19:42  Spine Crawler  
  157  19:49  Viper x4  
  169  19:54  Extractor  
  168  20:02  Ultralisk Cavern  
  167  20:14  Evolution Chamber, Grooved Spines  
  166  20:22  Hatchery  
  163  20:41  Corruptor x5  
  149  20:50  Drone x4  
  149  20:51  Drone x5  
  149  20:54  Spine Crawler  
  150  20:57  Chitinous Plating  
  150  21:05  Corruptor  
  152  21:32  Corruptor x4  
  146  21:48  Hatchery  
  146  21:57  Spine Crawler  
  146  21:58  Spine Crawler  
  142  22:02  Ultralisk x2  
  152  22:15  Zergling x10  
  152  22:16  Zergling x6  
  156  22:43  Zergling x2  
  156  22:44  Zergling x4  
  150  23:03  Ultralisk  
  150  23:21  Overseer  
  150  23:35  Hatchery  
  121  23:49  Corruptor  
  121  23:50  Corruptor  
  115  24:09  Overseer  
  115  24:20  Drone x3  
  115  24:23  Drone x6  
  108  25:22  Hydralisk x6  
  120  25:33  Lair  
  120  25:39  Spawning Pool  
  107  25:48  Hydralisk  
  109  25:52  Extractor x2  
  105  26:12  Hatchery  
  104  26:37  Drone x3  
  107  26:41  Queen  
  109  26:48  Evolution Chamber  
  108  26:56  Drone  
  109  27:10  Zergling x4  
  104  27:43  Drone  
  104  27:44  Drone x4  
  105  27:45  Queen  
  105  27:46  Drone  
  105  27:49  Extractor, Spore Crawler  
  105  28:11  Zerg Missile Weapons Level 1  
  105  28:12  Hydralisk Den  
  104  28:25  Drone x6  
  104  28:26  Queen x2  
  114  28:27  Infestation Pit  
  113  28:38  Drone  
  113  28:40  Drone x2  
  116  28:46  Muscular Augments  
  116  28:47  Hydralisk x2  
  120  29:01  Queen  
  122  29:06  Queen  
  122  29:09  Drone x5  
  129  29:16  Extractor  
  128  29:29  Spore Crawler  
  128  29:30  Spore Crawler  
  126  29:37  Queen  
  128  29:42  Drone x11  
  139  29:59  Hydralisk x2  
  139  30:03  Hive  
  143  30:31  Overlord x2  
  143  30:32  Overlord  
  143  30:38  Hydralisk  
  143  30:39  Hydralisk x7  
  159  30:51  Hydralisk x2  
  159  30:53  Queen  
  159  30:57  Spine Crawler  
  164  31:18  Overlord x5  
  162  31:29  Queen  
  164  31:47  Zerg Missile Weapons Level 2  
  164  31:50  Queen  
  166  31:54  Spire  
  166  32:01  Hydralisk x7  
  158  32:05  Queen  
  168  32:19  Spine Crawler  
  168  32:20  Spine Crawler  
  168  32:22  Spine Crawler x2  
  149  32:25  Hydralisk x2  
  149  32:26  Hydralisk x4  
  158  32:52  Ultralisk Cavern  
  158  32:54  Evolution Chamber x2  
  153  33:10  Greater Spire  
  153  33:36  Zerg Melee Weapons Level 1, Zerg Ground Armor Level 3  
  153  33:37  Zergling x30  
  168  33:51  Ultralisk  
  174  34:04  Ultralisk  
  180  34:21  Brood Lord x3  
  178  34:33  Brood Lord  
  168  34:52  Brood Lord  
  167  34:57  Queen x2  
  170  35:00  Drone x4  
  174  35:20  Ultralisk  
  169  35:37  Hydralisk x5  
  171  35:56  Overseer  
  165  35:57  Overseer x2  
Tags
 
Add a new tag
Caveats
  • Supply blocks, unpowered buildings, or Contaminate may cause inaccurate times.
  • Supply counts are checked every 10 seconds.